 Dungeon Crawl Stone Soup version 0.17-b1-36-g7b1967c (webtiles) character file.

11 radek the Digger (level 2, 0/15 HPs)
             Began as a Gargoyle Earth Elementalist on Nov 6, 2015.
             Slain by a gnoll
             ... wielding a +2 halberd of protection
              (6 damage)
             ... on level 1 of the Dungeon.
             The game lasted 00:04:25 (534 turns).

radek the Digger (Gargoyle Earth Elementalist)       Turns: 534, Time: 00:04:25

Health: 0/15       AC:  4    Str: 11    XL:     2   Next: 29%
Magic:  1/5        EV:  7    Int: 15    God:
Gold:   23         SH:  0    Dex: 10    Spells: 2 memorised, 2 levels left

rFire  . . .     SeeInvis .     e - +0 dagger
rCold  . . .     Clarity  .     b - +0 robe
rNeg   + . .     SustAt   .     (no shield)
rPois  ∞         Gourm    .     (no helmet)
rElec  +         Spirit   .     (no cloak)
rCorr  .         Warding  .     (no gloves)
rMut   .         Stasis   .     (no boots)
MR     .....                    (no amulet)
Stlth  ++........               (no ring)
                                (no ring)

@: not resistant to hostile enchantments, unstealthy
A: negative energy resistance 1, electricity resistance, unbreathing,
petrification resistance, rot immunity, AC +2
a: no special abilities


You were on level 1 of the Dungeon.
You were not hungry.

You visited 1 branch of the dungeon, and saw 1 of its levels.

You collected 23 gold pieces.

Inventory:

Hand Weapons
 e - a +0 dagger (weapon)
Missiles
 a - 43 stones (quivered)
Armour
 b - a +0 robe (worn)
Jewellery
 i - an uncursed ring of sustain attributes {unknown}
Books
 c - a book of Geomancy

   Spells                             Type                      Level
   a - Sandblast                      Earth                        1
   b - Stoneskin                      Transmutation/Earth          2
   c - Passwall                       Transmutation/Earth          3
   d - Stone Arrow                    Conjuration/Earth            3
   e - Petrify                        Transmutation/Earth          4
   f - Lee's Rapid Deconstruction     Earth                        5
Comestibles
 d - a bread ration
 f - 2 fruits
 g - 5 chunks of flesh
 h - a beef jerky


   Skills:
 - Level 1.5 Dodging
 - Level 2.1 Stealth
 - Level 2.0 Spellcasting
 - Level 0.7 Transmutations
 + Level 4.4 Earth Magic


You had 2 spell levels left.
You knew the following spells:

 Your Spells              Type           Power        Failure   Level  Hunger
a - Sandblast             Erth           ##....       4%          1    #......
b - Stoneskin             Trmt/Erth      #.......     12%         2    ###....


Dungeon Overview and Level Annotations

Branches:
Dungeon (1/15)

Altars:


Innate Abilities, Weirdness & Mutations

You are resistant to torment.
Your stone body is resilient (AC +2).
You are immune to poison.
You resist negative energy.
You are resistant to electric shocks.
You can survive without breathing.
You are immune to petrification.
You are immune to rotting.


Message History

The gnoll is lightly wounded.
The gnoll barely misses you.
Casting: Sandblast
Confirm with . or Enter, or press ? or * to list all spells.
Aiming: Sandblast
Press: ? - help, Shift-Dir - straight line, f/p - gnoll
Aim: a gnoll, wielding a halberd of protection (lightly wounded)
The blast of sand hits the gnoll.
The gnoll is lightly wounded.
Casting: Sandblast
Confirm with . or Enter, or press ? or * to list all spells.
Aiming: Sandblast
Press: ? - help, Shift-Dir - straight line, f/p - gnoll
Aim: a gnoll, wielding a halberd of protection (lightly wounded)
The blast of sand hits the gnoll.
The gnoll is lightly wounded.
The gnoll barely misses you.
There is a stone staircase leading down here.
The gnoll hits you from afar with a halberd of protection.
You die...

# ### ###.. ... ....# ...# #..#
....# #...# #... #.# ....# #...#
... #.# ....###...## #..##.#
........)..# #..##.#######
)..........###...#.#.....#
...........#....@#.#.###.#
...........#.....#...###.######
#+#####...##.....g.#..##......#
#.# #...##.....#...#...####.##
#.#####...##...#...#÷..#..#....#
#........##..#...#...#...#..#
...........#...#...#...#...#....#
.........#...#...#...#...#...#..#
...........#...#...#...#...#....#


You could see a gnoll.

Vanquished Creatures
  A giant gecko (D:1)
  A giant cockroach (D:1)
  2 goblins (D:1)
  A hobgoblin (D:1)
  2 bats (D:1)
  3 kobolds (D:1)
10 creatures vanquished.

Notes
Turn   | Place    | Note
--------------------------------------------------------------
     0 | D:1      | radek the Gargoyle Earth Elementalist began the quest for the Orb.
     0 | D:1      | Reached XP level 1. HP: 10/10 MP: 3/3
    95 | D:1      | Reached skill level 4 in Earth Magic
   167 | D:1      | Reached XP level 2. HP: 15/15 MP: 3/5
   193 | D:1      | Learned a level 2 spell: Stoneskin
   534 | D:1      | Slain by a gnoll

Action                   || total
-------------------------++-------
 Cast: Sandblast         ||    24
